 Dungeon Crawl Stone Soup version 0.17.0-23-g0de4337 (webtiles) character file.

486 Leibowitz the Ducker (level 7, -1/41 HPs)
             Began as a Kobold Gladiator on Nov 14, 2015.
             Slain by Duvessa
             ... wielding a +0 short sword
              (15 damage)
             ... on level 4 of the Dungeon.
             The game lasted 00:09:27 (3258 turns).

Leibowitz the Ducker (Kobold Gladiator)             Turns: 3258, Time: 00:09:28

Health: -1/41      AC:  5    Str: 14    XL:     7   Next: 35%
Magic:  7/7        EV: 25    Int:  9    God:
Gold:   196        SH:  0    Dex: 23    Spells: 0 memorised, 6 levels left

rFire  . . .     SeeInvis .     a - +0 rapier
rCold  . . .     Clarity  .     b - +0 leather armour
rNeg   . . .     SustAt   .     (shield restricted)
rPois  .         Gourm    .     c - +1 helmet
rElec  .         Spirit   .     (no cloak)
rCorr  .         Warding  .     (no gloves)
rMut   .         Stasis   .     (no boots)
MR     .....                    (no amulet)
Stlth  +++++.....               (no ring)
                                l - +3 ring of intelligence

@: agile, not resistant to hostile enchantments, quite stealthy
A: carnivore 3
a: no special abilities


You were on level 4 of the Dungeon.
You were completely stuffed.

You visited 1 branch of the dungeon, and saw 4 of its levels.

You collected 196 gold pieces.

Inventory:

Hand Weapons
 a - a +0 rapier (weapon)
Armour
 b - a +0 leather armour (worn)
 c - a +1 helmet (worn)
Jewellery
 l - a +3 ring of intelligence (left hand)
Scrolls
 g - 3 scrolls of remove curse {unknown}
 i - a scroll of identify {unknown}
 r - a scroll of enchant armour
 v - a scroll of fog
Potions
 e - 2 potions of heal wounds
 j - 2 potions of curing
 k - 2 potions of agility
Comestibles
 f - a meat ration
 h - 2 beef jerkies


   Skills:
 + Level 3.2 Fighting
 + Level 5.6 Short Blades
 + Level 2.9 Throwing
 + Level 1.4 Armour
 + Level 5.9 Dodging
 * Level 5.1 Stealth


You had 6 spell levels left.
You didn't know any spells.

Dungeon Overview and Level Annotations

Branches:
Dungeon (4/15)
 Temple: D:4-7

Altars:
Ashenzari
Kikubaaqudgha
Nemelex Xobeh
Yredelemnul

Annotations:
D:4 Duvessa


Innate Abilities, Weirdness & Mutations

You are small and have problems with some larger weapons.
You are carnivorous and can eat meat at any time.


Message History

Duvessa completely misses you.
You hit Duvessa.
Duvessa is lightly wounded.
Duvessa hits you with a short sword.
You hit Duvessa.
Duvessa is moderately wounded.
Duvessa hits you with a short sword.
You closely miss Duvessa.
Duvessa is moderately wounded.
Duvessa misses you. Duvessa completely misses you.
You completely miss Duvessa.
Duvessa is moderately wounded.
Duvessa completely misses you.
You barely miss Duvessa.
Duvessa is moderately wounded.
Duvessa misses you.
You hit Duvessa but do no damage.
Duvessa is moderately wounded.
Duvessa closely misses you. Duvessa hits you with a short sword!
You die...

*,,,,,,,,,................
*,,,,,,,,,,.....e.........
*,,,,,,,,,,,..............
*,,,,,,,,,,,..e....o......
*,,,,,,,,,,,.....o........
#########***...?...#......
#.......# *####...#......
#.......### #.###......
#........@######.#...#####
#........)e......#.....###
####......#............#.)
##......#...............
#.......#...............
#....#'##...............
#.(..#.##..........###..
#...<#.##.....(....# #..
#......##..........# #..


You could see Duvessa (berserk).

Vanquished Creatures
  2 ogres (D:4)
  Dowan (D:4)
  A scorpion (D:4)
  Ijyb (D:2)
  2 orc wizards (D:4)
  7 adders
  An ooze (D:2)
  2 worms
  2 giant geckos
  7 orcs
  9 bats
  A bat zombie (D:2)
  8 goblins
  2 hobgoblins
  7 jackals
  2 ball pythons (D:4)
  3 giant cockroaches
  A giant gecko skeleton (D:4)
  7 giant newts
  3 kobolds
  9 rats
  A rat zombie (D:2)
79 creatures vanquished.

Notes
Turn   | Place    | Note
--------------------------------------------------------------
     0 | D:1      | Leibowitz the Kobold Gladiator began the quest for the Orb.
     0 | D:1      | Reached XP level 1. HP: 12/12 MP: 1/1
   109 | D:1      | Reached XP level 2. HP: 12/17 MP: 2/2
   152 | D:1      | Reached skill level 1 in Stealth
   333 | D:1      | Found a sparkling altar of Nemelex Xobeh.
   553 | D:2      | Reached XP level 3. HP: 18/21 MP: 3/3
   974 | D:2      | Reached XP level 4. HP: 15/27 MP: 4/4
  1145 | D:2      | Noticed Ijyb
  1200 | D:2      | Killed Ijyb
  1471 | D:2      | Found an ancient bone altar of Kikubaaqudgha.
  1537 | D:2      | Found a basalt altar of Yredelemnul.
  1548 | D:2      | Reached XP level 5. HP: 31/31 MP: 5/5
  1556 | D:2      | Found a shattered altar of Ashenzari.
  2508 | D:4      | Reached skill level 1 in Armour
  2508 | D:4      | Reached skill level 5 in Dodging
  2508 | D:4      | Reached XP level 6. HP: 36/36 MP: 6/6
  2553 | D:4      | Noticed Duvessa
  2624 | D:4      | Reached skill level 5 in Short Blades
  2719 | D:4      | Noticed an ogre
  2724 | D:4      | Killed an ogre
  3084 | D:4      | Reached XP level 7. HP: 28/41 MP: 7/7
  3206 | D:4      | Noticed Dowan
  3242 | D:4      | Killed Dowan
  3242 | D:4      | Reached skill level 5 in Stealth
  3258 | D:4      | Slain by Duvessa

Action                   |  1- 3 |  4- 6 |  7- 9 || total
-------------------------+-------+-------+-------++-------
Melee: Rapier            |    92 |   225 |    42 ||   359
Throw: Throwing net      |     5 |     5 |     2 ||    12
  Use: Potion            |       |     6 |     1 ||     7
       Scroll            |       |     7 |       ||     7
 Stab: Held in net/web   |     1 |     1 |     2 ||     4
       Sleeping          |       |     7 |       ||     7
       Distracted        |       |     1 |       ||     1
  Eat: Chunk             |     7 |     9 |       ||    16
